TOP OF THE 1ST |
Madison Bombers batting - Pitching for Toronto Titans : RHP José Gonzáles
|
Pitching: RHP José Gonzáles
|
|
Batting: LHB Keith Tillman
|
0-0: Called Strike 0-1: Foul Ball, location: 2F 0-2: Ball 1-2: Foul Ball, location: 2F 1-2: Strikes out swinging
|
Batting: RHB Sergio Márquez
|
0-0: Ball 1-0: Called Strike 1-1: Ball 2-1: Ball 3-1: Fly out, F6 (Popup, 6D)
|
Batting: LHB Seung-chun Mun
|
0-0: Ball 1-0: Called Strike 1-1: SINGLE (Groundball, 4MD)
|
Batting: LHB Sixto Cantú
|
0-0: Foul Ball, location: 2F 0-1: Foul Ball, location: 2F 0-2: 2-RUN HOME RUN (Flyball, 89XD), Distance : 387 ft
|
Batting: RHB Vicente Aguirre
|
0-0: Fly out, F9 (Flyball, 9M)
|
Top of the 1st over - 2 run(s), 2 hit(s), 0 error(s), 0 left on base; Madison 2 - Toronto 0 |
BOTTOM OF THE 1ST |
Toronto Titans batting - Pitching for Madison Bombers : RHP Jeong Pak
|
Pitching: RHP Jeong Pak
|
|
Batting: RHB Gilberto López
|
0-0: Ball 1-0: Ball 2-0: SINGLE (Groundball, 56D)
|
Batting: LHB Jorge Martínez
|
0-0: Foul Ball, location: 2F 0-1: Called Strike 0-2: Ball 1-2: Ball 2-2: Ball 3-2: Ground out 4-3 (Groundball, 4) Gilberto López to second
|
Batting: RHB Matt Doyle
|
0-0: Ball 1-0: Called Strike 1-1: Swinging Strike 1-2: Strikes out swinging
|
Batting: LHB José Rodríguez
|
0-0: Ball 1-0: Ball 2-0: Called Strike 2-1: Swinging Strike 2-2: SINGLE (Line Drive, 34) Gilberto López to third Runner from 3rd tries for Home, SAFE, no throw or cutoff
|
Batting: LHB Anacleto Morillo
|
0-0: Swinging Strike 0-1: Foul Ball, location: 2F 0-2: Ball 1-2: DOUBLE (Line Drive, 7LS) José Rodríguez to third Runner from 3rd tries for Home, SAFE, throw made home
|
Batting: SHB Ryobe Yamamoto
|
0-0: Swinging Strike 0-1: Fly out, F8 (Flyball, 8RS)
|
Bottom of the 1st over - 2 run(s), 3 hit(s), 0 error(s), 1 left on base; Madison 2 - Toronto 2 |
TOP OF THE 2ND |
Madison Bombers batting - Pitching for Toronto Titans : RHP José Gonzáles
|
Batting: LHB José Santos
|
0-0: Called Strike 0-1: Ball 1-1: Ball 2-1: Fly out, F5 (Popup, 5F)
|
Batting: SHB Derek Roach
|
0-0: Ball 1-0: Called Strike 1-1: Ball 2-1: Called Strike 2-2: Ball 3-2: Strikes out swinging
|
Batting: LHB Robin Hill
|
0-0: Ball 1-0: Reached on error, E5 (Groundball, 56)
|
Batting: RHB Edward Franks
|
0-0: Ball Robin Hill is caught stealing 2nd base
|
Top of the 2nd over - 0 run(s), 0 hit(s), 1 error(s), 0 left on base; Madison 2 - Toronto 2 |
BOTTOM OF THE 2ND |
Toronto Titans batting - Pitching for Madison Bombers : RHP Jeong Pak
|
Batting: RHB David Murray
|
0-0: Fly out, F9 (Line Drive, 89D)
|
Batting: RHB Manuel González
|
0-0: Ball 1-0: Ball 2-0: Called Strike 2-1: Ground out 5-3 (Groundball, 56)
|
Batting: LHB Kent MacDulothe
|
0-0: Foul Ball, location: 2F 0-1: Ball 1-1: Ground out 5-3 (Groundball, 5S)
|
Bottom of the 2nd over - 0 run(s), 0 hit(s), 0 error(s), 0 left on base; Madison 2 - Toronto 2 |
TOP OF THE 3RD |
Madison Bombers batting - Pitching for Toronto Titans : RHP José Gonzáles
|
Batting: RHB Edward Franks
|
0-0: Called Strike 0-1: Ball 1-1: SINGLE (Groundball, 6MD)
|
Batting: LHB Keith Tillman
|
0-0: Ball 1-0: Ball 2-0: Fly out, F8 (Flyball, 8LD)
|
Batting: RHB Sergio Márquez
|
0-0: Ball 1-0: Foul Ball, location: 2F 1-1: SINGLE (Line Drive, 78S) Edward Franks to second
|
Batting: LHB Seung-chun Mun
|
0-0: Called Strike 0-1: Ball 1-1: Ball 2-1: Foul Ball, location: 2F 2-2: Ball 3-2: Fly out, F2 (Popup, 2LF)
|
Batting: LHB Sixto Cantú
|
0-0: Swinging Strike 0-1: Ball 1-1: Swinging Strike 1-2: Ball 2-2: Strikes out swinging
|
Top of the 3rd over - 0 run(s), 2 hit(s), 0 error(s), 2 left on base; Madison 2 - Toronto 2 |
BOTTOM OF THE 3RD |
Toronto Titans batting - Pitching for Madison Bombers : RHP Jeong Pak
|
Batting: RHB Gilberto López
|
0-0: Ball 1-0: Foul Ball, location: 2F 1-1: Foul Ball, location: 2F 1-2: Fly out, F8 (Line Drive, 8RS)
|
Batting: LHB Jorge Martínez
|
0-0: Ball 1-0: Foul Ball, location: 2F 1-1: Ball 2-1: Called Strike 2-2: Ball 3-2: Fly out, F8 (Flyball, 8LS)
|
Batting: RHB Matt Doyle
|
0-0: Ball 1-0: Ball 2-0: Ball 3-0: Called Strike 3-1: Base on Balls
|
Batting: LHB José Rodríguez
|
0-0: SINGLE (Line Drive, 4M) Matt Doyle to second
|
Batting: LHB Anacleto Morillo
|
0-0: Ground out 3-1 (Groundball, 34S)
|
Bottom of the 3rd over - 0 run(s), 1 hit(s), 0 error(s), 2 left on base; Madison 2 - Toronto 2 |
TOP OF THE 4TH |
Madison Bombers batting - Pitching for Toronto Titans : RHP José Gonzáles
|
Batting: RHB Vicente Aguirre
|
0-0: Foul Ball, location: 2F 0-1: Foul Ball, location: 2F 0-2: Strikes out swinging
|
Batting: LHB José Santos
|
0-0: Ground out 4-3 (Groundball, 4)
|
Batting: SHB Derek Roach
|
0-0: Ball 1-0: Fly out, F8 (Flyball, 8LM)
|
Top of the 4th over - 0 run(s), 0 hit(s), 0 error(s), 0 left on base; Madison 2 - Toronto 2 |
BOTTOM OF THE 4TH |
Toronto Titans batting - Pitching for Madison Bombers : RHP Jeong Pak
|
Batting: SHB Ryobe Yamamoto
|
0-0: Called Strike 0-1: Ground out 6-3 (Groundball, 6)
|
Batting: RHB David Murray
|
0-0: SINGLE (Line Drive, 89S)
|
Batting: RHB Manuel González
|
0-0: Ball 1-0: Grounds into double play, 1-6-3 (Groundball, 25)
|
Bottom of the 4th over - 0 run(s), 1 hit(s), 0 error(s), 0 left on base; Madison 2 - Toronto 2 |
TOP OF THE 5TH |
Madison Bombers batting - Pitching for Toronto Titans : RHP José Gonzáles
|
Batting: LHB Robin Hill
|
0-0: Ball 1-0: Called Strike 1-1: Called Strike 1-2: Foul Ball, location: 2F 1-2: Strikes out swinging
|
Batting: RHB Edward Franks
|
0-0: Called Strike 0-1: Ball 1-1: Ball 2-1: Ball 3-1: Ground out 6-3 (Groundball, 6)
|
Batting: LHB Keith Tillman
|
0-0: Ball 1-0: Ball 2-0: Ball 3-0: Called Strike 3-1: Base on Balls
|
Batting: RHB Sergio Márquez
|
0-0: Ball 1-0: Ball 2-0: Ball 3-0: Called Strike 3-1: Called Strike 3-2: Foul Ball, location: 2F 3-2: Foul Ball, location: 2F 3-2: Foul Ball, location: 2F 3-2: Ground out 6-3 (Groundball, 6)
|
Top of the 5th over - 0 run(s), 0 hit(s), 0 error(s), 1 left on base; Madison 2 - Toronto 2 |
BOTTOM OF THE 5TH |
Toronto Titans batting - Pitching for Madison Bombers : RHP Jeong Pak
|
Batting: LHB Kent MacDulothe
|
0-0: Foul Ball, location: 2F 0-1: Ground out U3 (Groundball, 3)
|
Batting: RHB Gilberto López
|
0-0: Ball 1-0: Ground out 5-3 (Groundball, 5S)
|
Batting: LHB Jorge Martínez
|
0-0: Ball 1-0: Ball 2-0: Ball 3-0: Called Strike 3-1: Base on Balls
|
Batting: RHB Matt Doyle
|
0-0: Ball 1-0: Called Strike 1-1: Fly out, F9 (Flyball, 9LM)
|
Bottom of the 5th over - 0 run(s), 0 hit(s), 0 error(s), 1 left on base; Madison 2 - Toronto 2 |
TOP OF THE 6TH |
Madison Bombers batting - Pitching for Toronto Titans : RHP José Gonzáles
|
Batting: LHB Seung-chun Mun
|
0-0: Foul Ball, location: 2F 0-1: Ground out 4-3 (Groundball, 4)
|
Batting: LHB Sixto Cantú
|
0-0: Ball 1-0: Called Strike 1-1: Ball 2-1: Swinging Strike 2-2: Foul Ball, location: 2F 2-2: Foul Ball, location: 2F 2-2: Strikes out looking
|
Batting: RHB Vicente Aguirre
|
0-0: Called Strike 0-1: Ball 1-1: Swinging Strike 1-2: Ball 2-2: Ball 3-2: Strikes out swinging
|
Top of the 6th over - 0 run(s), 0 hit(s), 0 error(s), 0 left on base; Madison 2 - Toronto 2 |
BOTTOM OF THE 6TH |
Toronto Titans batting - Pitching for Madison Bombers : RHP Jeong Pak
|
Batting: LHB José Rodríguez
|
0-0: Ball 1-0: SOLO HOME RUN (Line Drive, 89XD), Distance : 397 ft
|
Batting: LHB Anacleto Morillo
|
0-0: Ball 1-0: Ball 2-0: Ball 3-0: Base on Balls
|
Batting: SHB Ryobe Yamamoto
|
0-0: Ball 1-0: Fly out, F7 (Line Drive, 7LD)
|
Batting: RHB David Murray
|
0-0: Called Strike 0-1: Ball 1-1: Foul Ball, location: 2F 1-2: Ball 2-2: Strikes out looking
|
Batting: RHB Manuel González
|
0-0: Called Strike 0-1: Ball 1-1: Fly out, F8 (Flyball, 8RM)
|
Bottom of the 6th over - 1 run(s), 1 hit(s), 0 error(s), 1 left on base; Madison 2 - Toronto 3 |
TOP OF THE 7TH |
Madison Bombers batting - Pitching for Toronto Titans : RHP José Gonzáles
|
Pitching: LHP Braydon Schute
|
|
Batting: LHB José Santos
|
0-0: Ball 1-0: Called Strike 1-1: Ball 2-1: Ball 3-1: Swinging Strike 3-2: Strikes out swinging
|
Batting: SHB Derek Roach
|
0-0: Ball 1-0: SINGLE (Flyball, 8LS) - OUT at second base trying to stretch hit.
|
Batting: LHB Robin Hill
|
0-0: Ball 1-0: Swinging Strike 1-1: Foul Ball, location: 2F 1-2: Strikes out looking
|
Top of the 7th over - 0 run(s), 1 hit(s), 0 error(s), 0 left on base; Madison 2 - Toronto 3 |
BOTTOM OF THE 7TH |
Toronto Titans batting - Pitching for Madison Bombers : RHP Jeong Pak
|
Batting: LHB Kent MacDulothe
|
0-0: Called Strike 0-1: Ball 1-1: Ground out 3-1 (Groundball, 34)
|
Batting: RHB Gilberto López
|
0-0: Ball 1-0: Foul Ball, location: 2F 1-1: Ball 2-1: Ball 3-1: Called Strike 3-2: Foul Ball, location: 2F 3-2: Foul Ball, location: 2F 3-2: Base on Balls
|
Batting: LHB Jorge Martínez
|
0-0: Ball 1-0: Foul Ball, location: 2F 1-1: Ball 2-1: Ball 3-1: Foul Ball, location: 2F 3-2: Foul Ball, location: 2F 3-2: Strikes out swinging Gilberto López is caught stealing 2nd base Batter strikes out.
|
Bottom of the 7th over - 0 run(s), 0 hit(s), 0 error(s), 0 left on base; Madison 2 - Toronto 3 |
BOTTOM OF THE 8TH |
Toronto Titans batting - Pitching for Madison Bombers : RHP Jeong Pak
|
Pitching: RHP José Ruíz
|
|
Now at 3B: Bailey Ramsey
|
|
Batting: RHB Matt Doyle
|
0-0: Foul Ball, location: 2F 0-1: Ball 1-1: Ball 2-1: Ball 3-1: Called Strike 3-2: Ground out 6-3 (Groundball, 56)
|
Batting: LHB José Rodríguez
|
0-0: Foul Ball, location: 2F 0-1: Ball 1-1: Swinging Strike 1-2: Ball 2-2: Ball 3-2: Foul Ball, location: 2F 3-2: Base on Balls
|
Batting: LHB Anacleto Morillo
|
0-0: Called Strike 0-1: Ball 1-1: Fielders Choice at 2nd, 1-6 (Groundball, 13S)
|
Batting: SHB Ryobe Yamamoto
|
0-0: Called Strike 0-1: Called Strike 0-2: Ball 1-2: Ball 2-2: Ball 3-2: Base on Balls Anacleto Morillo to second
|
Batting: RHB David Murray
|
0-0: SINGLE (Line Drive, 89M) Anacleto Morillo to third Ryobe Yamamoto to second Runner from 3rd tries for Home, SAFE, throw made home Ryobe Yamamoto to third David Murray to second
|
Batting: RHB Manuel González
|
0-0: Swinging Strike 0-1: Ball 1-1: Ground out 6-3 (Groundball, 6)
|
Bottom of the 8th over - 1 run(s), 1 hit(s), 0 error(s), 2 left on base; Madison 2 - Toronto 4 |
TOP OF THE 9TH |
Madison Bombers batting - Pitching for Toronto Titans : RHP Ross Holley
|
Pitching: LHP Santiago González
|
|
Batting: LHB José Santos
|
0-0: Called Strike 0-1: Ball 1-1: Called Strike 1-2: Foul Ball, location: 2F 1-2: Ball 2-2: Strikes out swinging
|
Batting: SHB Derek Roach
|
0-0: Called Strike 0-1: SINGLE (Groundball, 4MD)
|
Batting: LHB Robin Hill
|
0-0: Swinging Strike 0-1: Foul Ball, location: 2F 0-2: Ball 1-2: Strikes out looking
|
Batting: RHB Edward Franks
|
0-0: Ground out 1-3 (Groundball, 15)
|
Top of the 9th over - 0 run(s), 1 hit(s), 0 error(s), 1 left on base; Madison 2 - Toronto 4 |
|